 Dungeon Crawl Stone Soup version 0.23.2-33-g5129a83184 (webtiles) character file.

Game seed: 11957891608313376686

269 microfolk the Sneak (level 6, -10/36 HPs)
             Began as an Octopode Ice Elementalist on July 9, 2019.
             Was a Believer of Kikubaaqudgha.
             Mangled by Sigmund
             ... wielding a +0 scythe
              (14 damage)
             ... on level 4 of the Dungeon.
             The game lasted 00:15:38 (3870 turns).

microfolk the Sneak (Octopode Ice Elementalist)     Turns: 3870, Time: 00:15:39

Health: -10/36     AC:  3    Str:  7    XL:     6   Next: 22%
Magic:  2/9        EV: 14    Int: 20    God:    Kikubaaqudgha [**....]
Gold:   152        SH:  0    Dex: 12    Spells: 1/9 levels left

rFire    . . .     SeeInvis .   a - +5 short sword
rCold    . . .     Gourm    .   (no shield)
rNeg     . . .     Faith    .   g - +2 hat
rPois    .         Spirit   .   (no amulet)
rElec    .         Reflect  .   (no ring)
rCorr    .         Harm     .   (no ring)
MR       .....                  (no ring)
Stlth    ++++......             (no ring)
HPRegen  0.12/turn              (no ring)
MPRegen  0.11/turn              (no ring)
                                (no ring)
                                (no ring)

@: no status effects
A: almost no armour, stealthy swim, amphibious, 8 rings, constrict 8, camouflage
1, gelatinous body 1
a: Receive Corpses, Renounce Religion


You were on level 4 of the Dungeon.
You worshipped Kikubaaqudgha.
Kikubaaqudgha was pleased with you.
You were not hungry.

You visited 1 branch of the dungeon, and saw 4 of its levels.

You collected 152 gold pieces.

Inventory:

Hand Weapons
 a - a +5 short sword (weapon)
Armour
 g - a +2 hat (worn)
Jewellery
 l - an uncursed amulet of rage {unknown}
Scrolls
 d - a scroll of enchant weapon {unknown}
 e - 3 scrolls of remove curse {unknown}
 f - a scroll of amnesia {unknown}
 h - 3 scrolls of teleportation
 j - a scroll of magic mapping {unknown}
 k - a scroll of fog {unknown}
 m - a scroll of enchant armour
 o - a scroll of immolation {unknown}
Potions
 c - a potion of heal wounds {@q2}
 n - a potion of might {unknown}
 p - a potion of degeneration {unknown}
 q - a potion of haste {unknown}
 r - a potion of lignification {unknown}
Comestibles
 b - 4 rations
 i - a chunk of flesh


   Skills:
 + Level 3.3 Dodging
 + Level 4.9 Stealth
 - Level 2.0 Spellcasting
 - Level 1.0 Conjurations
 * Level 2.5 Necromancy
 + Level 4.5 Ice Magic


You had one spell level left.
You knew the following spells:

 Your Spells              Type           Power        Failure   Level  Hunger
a - Freeze                Ice            ###.         2%          1    #......
b - Throw Frost           Conj/Ice       ##....       8%          2    ##.....
c - Animate Skeleton      Necr           N/A          5%          1    #......
d - Summon Ice Beast      Ice/Summ       ##......     52%         4    #####..

Your spell library contained the following spells:

 Spells                   Type           Power        Failure   Level  Hunger
 Pain                     Necr           ##..         5%          1    #......
 Corona                   Hex            #......      16%         1    #......
 Sublimation of Blood     Necr           ##........   9%          2    ##.....
 Ensorcelled Hibernation  Hex/Ice        ##....       10%         2    ##.....
 Ozocubu's Armour         Chrm/Ice       ##......     19%         3    ###....
 Regeneration             Chrm/Necr      #.........   28%         3    ###....
 Dazzling Spray           Conj/Hex       #.....       36%         3    ###....
 Confuse                  Hex            #.......     43%         3    ###....
 Tukima's Dance           Hex            #.......     43%         3    ###....
 Throw Icicle             Conj/Ice       ##......     45%         4    #####..


Dungeon Overview and Level Annotations

Branches:
Dungeon (4/15)
 Temple: D:4-7

Altars:
Kikubaaqudgha

Annotations:
D:1 exclusions: gnoll and hobgoblin
D:3 exclusion: 2 downstairs
D:4 Robin, Sigmund


Innate Abilities, Weirdness & Mutations

You cannot wear most types of armour.
You are very stealthy in the water. (Stealth+)
You are amphibious.
You can wear up to eight rings at the same time.
You can use your tentacles to constrict eight enemies at once.
Your skin changes colour to match your surroundings (Stealth+).
Your rubbery body absorbs attacks. (AC +1, EV +1)


Message History

* * * LOW HITPOINT WARNING * * *
Something hits you.
* * * LOW HITPOINT WARNING * * *
You feel less confused.
You hear some strange, mumbled words.
A magic dart appears from out of thin air!
The magic dart hits you.
* * * LOW HITPOINT WARNING * * *
Casting: Freeze (safe; 2% risk of failure)
Confirm with . or Enter, or press ? or * to list all spells.
Aiming: Freeze (safe; 2% risk of failure)
Press: ? - help, Shift-Dir - straight line You freeze something.
You hear some strange, mumbled words.
A magic dart appears from out of thin air!
The magic dart hits you.
* * * LOW HITPOINT WARNING * * *
Something hits you!
You die...
Kikubaaqudgha rasps: "You have failed me!
Welcome... death!"

.Z.....##....#....#..#......#
.......##....#....'..#......#
#......#.....#....#..#......#
#......#.....'....####......#
.......##....#..............#####
######.##....#...................
.......#.{.................
.......#...................
#########.Z@...[..........).
#................######....<
#............##### #.....
#............#..# #.....
#............'..# #.....
#'#..........#..# #.....
#.#..........#..# #.....
#.#####+#....#### #.....
#.......#....#..#######.....


You could see a friendly adder skeleton.

Vanquished Creatures
  A scorpion (D:4)
  A howler monkey (D:3)
  A hound (D:4)
  A worker ant (D:4)
  3 adders
  An ooze (D:3)
  A worm (D:2)
  A dart slug (D:3)
  5 leopard geckos
  6 orcs (D:3)
  5 bats
  4 giant cockroaches
  13 goblins
  4 hobgoblins
  13 jackals
  A quokka (D:4)
  A ball python (D:3)
  5 frilled lizards
  6 kobolds
  A quokka skeleton (D:4)
  6 rats
80 creatures vanquished.

Vanquished Creatures (collateral kills)
  2 goblins (D:4)
2 creatures vanquished.

Grand Total: 82 creatures vanquished

Notes
Turn   | Place    | Note
-------+----------+-------------------------------------------
     0 | D:1      | microfolk the Octopode Ice Elementalist began the quest for
                  | the Orb.
     0 | D:1      | Reached XP level 1. HP: 11/11 MP: 3/3
   581 | D:1      | Reached XP level 2. HP: 17/17 MP: 5/5
   933 | D:1      | Learned a level 2 spell: Throw Frost
  1112 | D:2      | Reached XP level 3. HP: 16/21 MP: 1/6
  1187 | D:2      | Found an ancient bone altar of Kikubaaqudgha.
  1200 | D:2      | Became a worshipper of Kikubaaqudgha
  2014 | D:3      | Reached XP level 4. HP: 27/27 MP: 5/7
  2235 | D:3      | Reached * piety under Kikubaaqudgha
  2235 | D:3      | Identified Kikubaaqudgha's Disquisition on Dark Rites
                  | (Kikubaaqudgha gifted it to you on level 3 of the Dungeon)
  2235 | D:3      | Received a gift from Kikubaaqudgha
  2241 | D:3      | Learned a level 1 spell: Animate Skeleton
  2879 | D:3      | Reached skill level 1 in Necromancy
  2879 | D:3      | Reached XP level 5. HP: 25/31 MP: 4/8
  2956 | D:4      | Noticed Robin
  3014 | D:4      | Learned a level 4 spell: Summon Ice Beast
  3377 | D:4      | Reached XP level 6. HP: 29/36 MP: 3/9
  3466 | D:4      | Reached ** piety under Kikubaaqudgha
  3548 | D:4      | Noticed Sigmund
  3870 | D:4      | Mangled by Sigmund

Skill      XL: |  1  2  3  4  5 |
---------------+----------------+-----
Stealth        | 3 4 |  4.9
Ice Magic      | 4 |  4.5
Necromancy     | 1 2 |  2.5
Dodging        | 3 |  3.3
Spellcasting   | |  2.0
Conjurations   | |  1.0

Action                   |  1- 3 |  4- 6 || total
-------------------------+-------+-------++-------
Melee: Unarmed           |     3 |       ||     3
       Constrict         |     9 |    14 ||    23
       Dagger            |     3 |       ||     3
       Tentacles         |     3 |     8 ||    11
       Short sword       |    26 |    52 ||    78
 Cast: Freeze            |    21 |    22 ||    43
       Throw Frost       |    13 |    10 ||    23
       Animate Skeleton  |       |    17 ||    17
Invok: Receive Corpses   |       |     1 ||     1
  Use: Scroll            |       |     6 ||     6
       Potion            |       |     1 ||     1
 Stab: Sleeping          |     3 |    11 ||    14
  Eat: Chunk             |     4 |     8 ||    12
Armor: Skin              |     4 |     7 ||    11
Dodge: Dodged            |    27 |    43 ||    70
